 Dungeon Crawl Stone Soup version 0.30.0-11-gf55b779eaf (webtiles) character file.

Game seed: 514857262284275554

317 tizbic2 the Magician (level 6, -9/46 HPs)
             Began as a Djinni Ice Elementalist on May 16, 2023.
             Was a Follower of Lugonu.
             Mangled by tbole's ghost (10 damage)
             ... on level 3 of the Dungeon.
             The game lasted 00:14:58 (2750 turns).

tizbic2 the Magician (Djinni Ice Elementalist)      Turns: 2750, Time: 00:14:59

Health: -9/46      AC:  5    Str: 15    XL:     6   Next: 73%
Gold:   138        EV: 11    Int: 16    God:    Lugonu [*.....] SH:  0 Dex: 14

rFire   + + .        b - +0 scythe
rCold   x . .        (shield currently unavailable)
rNeg    . . .        h - +0 ring mail
rPois   ∞            (no helmet)
rElec   .            (no cloak)
rCorr   .            (no gloves)
SInv    .            (boots unavailable)
Will    .....        (no amulet)
Stlth   +            a - +6 ring of strength
HPRegen 0.27/turn    (no ring)
MPRegen 0.00/turn

%: infuse magic (-10 HP)
@: freezing walls, flying
A: sickness immunity, fire resistance 2, cold vulnerability 1, float, innate
caster, HP casting, extra vitality 1
a: Renounce Religion, Depart the Abyss


You were on level 3 of the Dungeon.
You worshipped Lugonu.
Lugonu was aware of your devotion.
You visited 1 branch of the dungeon, and saw 3 of its levels.

You collected 138 gold pieces.

Inventory:

Hand Weapons
 b - a +0 scythe (weapon)
 g - a +0 spear
 q - a +0 trident
Missiles
 j - 8 poisoned darts
Armour
 h - a +0 ring mail (worn)
 i - a +0 robe
 l - a +0 leather armour
Jewellery
 a - a +6 ring of strength (left hand)
Wands
 p - a wand of iceblast (10)
Scrolls
 f - a scroll of enchant armour {unknown}
 m - a scroll of torment {unknown}
 n - 3 scrolls of fear {unknown}
 r - a scroll of blinking {unknown}
Potions
 c - a potion of attraction
 d - a potion of brilliance
 e - a potion of cancellation
 k - a potion of curing
 o - 2 potions of degeneration {unknown}


   Skills:
 * Level 3.0 Fighting
 + Level 0.5 Polearms
 * Level 2.6 Armour
 + Level 3.4 Dodging
 - Level 1.7 Stealth
 * Level 4.1 Spellcasting


You knew the following spells:

 Your Spells              Type           Power      Damage    Failure   Level
a - Freeze                Ice            64%        1d7       6%          1
b - Frozen Ramparts       Ice            32%        1d5       17%         3
c - Ozocubu's Armour      Ice            16%        N/A       17%         3
d - Summon Ice Beast      Ice/Summ       16%        N/A       50%         4
e - Apportation           Tloc           32%        N/A       6%          1
f - Scorch                Fire           32%        2d6       9%          2
Your spell library was empty.

Dungeon Overview and Level Annotations

Branches:
Dungeon (3/15)

Altars:
Cheibriados
Makhleb
Uskayaw
The Shining One
Lugonu

Shops:
D:1 ?=*

Annotations:
D:3 tbole's ghost, amateur MeFi


Innate Abilities, Weirdness & Mutations

You are immune to sickness and miasma.
You are immune to poison.
Your flesh is very heat resistant. (rF++)
You are vulnerable to cold. (rC-)
You float through the air rather than walking.
You learn spells naturally, not from books.
Your magical power is your life essence.
You have superior vitality. (+4 MHP)


Message History

The wall freezes the orc but does no damage.
The wall freezes tbole's ghost.
Tbole's ghost closely misses you.
The wall freezes the orc.
You kill the orc!
Lugonu accepts your kill.
Casting: Scorch (safe; 9% risk of failure)
Confirm with . or Enter, or press ? or * to list all spells.
Flames lash tbole's ghost.
Tbole's ghost is moderately damaged.
Tbole's ghost's fire resistance burns away.
* * * LOW HITPOINT WARNING * * *
The wall freezes the orc.
The wall freezes tbole's ghost.
Tbole's ghost barely misses you.
The wall freezes the orc.
Casting: Scorch (safe; 9% risk of failure)
Confirm with . or Enter, or press ? or * to list all spells.
Flames lash tbole's ghost.
Tbole's ghost is burned terribly!
Tbole's ghost is severely damaged.
* * * LOW HITPOINT WARNING * * *
The wall freezes the orc.
You kill the orc!
Lugonu accepts your kill.
The wall freezes tbole's ghost.
Tbole's ghost hits you.
* * * LOW HITPOINT WARNING * * *
The wall freezes the orc.
Casting: Scorch (safe; 9% risk of failure)
Confirm with . or Enter, or press ? or * to list all spells.
Flames lash the orc.
You kill the orc!
Lugonu accepts your kill.
* * * LOW HITPOINT WARNING * * *
The wall freezes tbole's ghost.
Tbole's ghost hits you but does no damage.
Casting: Scorch (safe; 9% risk of failure)
Confirm with . or Enter, or press ? or * to list all spells.
Flames lash the orc.
The orc is moderately wounded.
The orc's fire resistance burns away.
* * * LOW HITPOINT WARNING * * *
The wall freezes tbole's ghost.
Tbole's ghost hits you!
You die...

#............#.......#########
#............#.......# #.#
#............#.......#### #..
#............#.......'..# #..
#######8.......#.......##.## #..
8.....#........#.......##..# #..
..##..#.......o#.......###'###.#
..8#.?#.....o)W##########[.....#
..##.o#....###)@........'....>##
....#.#...## #######...##....##
[...#.o.o.# #...##....#
_.8.#.'...# #...##....#
[...#.'..## #...#######
....#.#..# #...# ..##..#..#
#...# ..8#..#..# #...#
..##..#..# #...#


You could see tbole's ghost (combustible) and 2 orcs.

Vanquished Creatures
  Sigmund (D:2)
  An orc wizard (D:3)
  4 adders
  An ufetubus (D:3)
  6 worms
  A dart slug (D:1)
  7 orcs (D:3)
  4 ball pythons
  7 bats
  5 endoplasms
  4 giant cockroaches
  6 hobgoblins
  4 jackals
  3 quokkas (D:3)
  4 frilled lizards
  3 goblins
  2 kobolds
  7 rats
70 creatures vanquished.

Notes
Turn   | Place    | Note
-------+----------+-------------------------------------------
     0 | D:1      | tizbic2 the Djinni Ice Elementalist began the quest for the
                  | Orb.
     0 | D:1      | tizbic2 set off with the following spells memorised:
                  | Freeze, Frozen Ramparts, Ozocubu's Armour, Summon Ice
                  | Beast.
     0 | D:1      | Reached XP level 1. HP: 15/15 MP: 0/0
    40 | D:1      | Found Qaas's Magic Scroll Emporium.
    72 | D:1      | Reached XP level 2. HP: 20/21 MP: 0/0
   397 | D:1      | Reached XP level 3. HP: 25/26 MP: 0/0
   397 | D:1      | Learned a level 1 spell: Apportation
   455 | D:1      | Reached skill level 1 in Fighting
   623 | D:1      | Found Fophum's Jewellery Emporium.
   718 | D:1      | Found Eraus's General Store.
   792 | D:2      | Noticed Sigmund
   817 | D:2      | Killed Sigmund
   818 | D:2      | Reached skill level 4 in Spellcasting
   818 | D:2      | Reached XP level 4. HP: 7/34 MP: 0/0
   818 | D:2      | Reached XP level 5. HP: 8/39 MP: 0/0
   818 | D:2      | Learned a level 2 spell: Scorch
   980 | D:2      | Found a hide-covered altar of Uskayaw.
  1065 | D:2      | Reached XP level 6. HP: 36/45 MP: 0/0
  1988 | D:3      | Found a runed translucent gate.
  1989 | D:3      | Found a runed translucent gate.
  1990 | D:3      | Found a runed translucent gate.
  1992 | D:3      | Noticed tbole's ghost (amateur MeFi)
  2170 | D:3      | Found a faded altar of an unknown god.
  2186 | D:3      | Prayed at the altar of an unknown god.
  2186 | D:3      | Became a worshipper of Lugonu the Unformed
  2186 | D:3      | Reached * piety under Lugonu
  2271 | D:3      | Found a burning altar of Makhleb.
  2276 | D:3      | Found a glowing golden altar of the Shining One.
  2386 | D:3      | Found a snail-covered altar of Cheibriados.
  2750 | D:3      | Mangled by tbole's ghost

Illustrated notes

Levels and vault maps discovered:
D:1:      scummos_arrival_simple_fountains, layout_loops_ring, serial_shops,
          shop, nicolae_shop_peninsula, shop
D:2:      layout_loops_ring, basic_altar, minmay_misc_feat_tiny, uniq_sigmund
D:3:      layout_basic, chequers_temple_overflow_statue_of_worship,
          mainiacjoe_overflow_tiny_flanked, biasface_ghost_orc_armoury,
          shapermc_ecumenical_altar_rom_forum

Skill      XL: |  1  2  3  4  5  6 |
---------------+-------------------+-----
Fighting       | 2 3 |  3.0
Armour         | 2 |  2.6
Dodging        | 3 |  3.4
Spellcasting   | 4 |  4.1
Polearms       | |  0.5
Stealth        | |  1.7

Action                     |  1- 3 |  4- 6 || total
---------------------------+-------+-------++-------
  Melee: Unarmed           |     2 |       ||     2
         Dagger            |    50 |       ||    50
         Halberd           |       |    81 ||    81
         Spear             |       |     9 ||     9
   Cast: Freeze            |    22 |     4 ||    26
         Apportation       |     3 |     1 ||     4
         Frozen Ramparts   |     2 |    10 ||    12
         Scorch            |       |    18 ||    18
         Ozocubu's Armour  |       |     2 ||     2
    Use: Scroll            |     1 |     1 ||     2
         Potion            |     5 |     1 ||     6
   Stab: Sleeping          |     3 |       ||     3
 Armour: Robe              |     5 |       ||     5
         Ring mail         |     9 |    55 ||    64
         Skin              |     4 |       ||     4
  Dodge: Dodged            |    42 |    84 ||   126
